 Dungeon Crawl Stone Soup version 0.16.2-12-gd0ad4c3 (webtiles) character file.

7709 Kira the Covert (level 11, -7/51 HPs)
             Began as a Spriggan Enchanter on Oct 21, 2015.
             Was a Believer of Nemelex Xobeh.
             Mangled by a spectral orc warrior
             ... wielding a +0 battleaxe
             ... summoned by Nergalle
              (8 damage)
             ... on level 10 of the Dungeon.
             The game lasted 00:54:28 (11136 turns).

Kira the Covert (Spriggan Enchanter)               Turns: 11136, Time: 00:54:28

Health: -7/51      AC:  3    Str:  3    XL:     11   Next: 0%
Magic:  24/31      EV: 23    Int: 22    God:    Nemelex Xobeh [**....]
Gold:   644        SH:  0    Dex: 16    Spells: 6 memorised, 14 levels left

rFire  . . .     SeeInvis +     U - +0 rapier (holy)
rCold  . . .     Clarity  .     b - +1 robe
rNeg   . . .     SustAb   .     (shield restricted)
rPois  x         Gourm    .     (helmet restricted)
rElec  .         Spirit   .     (no cloak)
rCorr  .         Warding  .     (gloves unavailable)
rMut   .         Stasis   .     (boots unavailable)
MR     +....                    (no amulet)
Stlth  ++++++....               J - ring of invisibility
                                S - +3 ring of slaying

@: about to teleport, poison vulnerable, drained, very quick, somewhat resistant
to hostile enchantments, very stealthy
A: unfitting armour, see invisible, herbivore 3, speed 3, slow metabolism 2
a: Renounce Religion, Evoke Invisibility


You were on level 10 of the Dungeon.
You worshipped Nemelex Xobeh.
Nemelex Xobeh was pleased with you.
You were not hungry.

You visited 2 branches of the dungeon, and saw 11 of its levels.
You also visited: Ossuary.

You collected 644 gold pieces.

Inventory:

Hand weapons
 a - a +1 dagger
 k - a +1 dagger of venom
 U - a +0 rapier of holy wrath (weapon)
Armour
 b - a +1 robe (worn)
Jewellery
 e - an uncursed ring of protection from cold
 x - an uncursed ring of sustain abilities
 C - an uncursed ring of positive energy
 J - a ring of invisibility (right hand)
 S - a +3 ring of slaying (left hand)
Magical devices
 w - a wand of paralysis (7)
 A - a wand of confusion (18)
 B - a wand of paralysis (13)
 P - a wand of teleportation (2)
Scrolls
 f - a scroll of magic mapping {unknown}
 i - 4 scrolls of teleportation
 j - a scroll of blinking {unknown}
 l - 3 scrolls of enchant weapon {unknown}
 m - 2 scrolls of enchant armour {unknown}
 r - 3 scrolls of remove curse
 s - 15 scrolls of identify
 v - 2 scrolls of amnesia {unknown}
 y - a scroll of holy word {unknown}
 z - 3 scrolls of immolation {unknown}
 E - a scroll of fear {unknown}
 N - 2 scrolls of noise {unknown}
 R - a scroll of fog {unknown}
Potions
 g - 2 potions of agility
 h - 2 potions of curing
 o - 2 potions of might {unknown}
 p - 4 potions of flight {unknown}
 q - 5 potions of resistance {unknown}
 u - a potion of beneficial mutation {unknown}
 D - 2 potions of poison {unknown}
 F - a potion of restore abilities {unknown}
 K - a potion of lignification
 L - a potion of degeneration {unknown}
 M - a potion of brilliance {unknown}
 Q - a potion of mutation {unknown}
Books
 c - a book of Maledictions

   Spells                             Type                      Level
   a - Corona                         Hexes                        1
   b - Sure Blade                     Hexes/Charms                 2
   c - Ensorcelled Hibernation        Hexes/Ice                    2
   d - Confuse                        Hexes                        3
   e - Dazzling Spray                 Conjuration/Hexes            3
   f - Enslavement                    Hexes                        4
 n - a book of Minor Magic

   Spells                             Type                      Level
   a - Magic Dart                     Conjuration                  1
   b - Blink                          Translocation                2
   c - Call Imp                       Summoning                    2
   d - Repel Missiles                 Charms/Air                   2
   e - Slow                           Hexes                        2
   f - Conjure Flame                  Conjuration/Fire             3
   g - Mephitic Cloud                 Conjuration/Poison/Air       3
 I - a book of Power

   Spells                             Type                      Level
   a - Fulminant Prism                Conjuration/Hexes            4
   b - Iskenderun's Mystic Blast      Conjuration                  4
   c - Venom Bolt                     Conjuration/Poison           5
   d - Bolt of Magma                  Conjuration/Fire/Earth       5
   e - Iron Shot                      Conjuration/Earth            6
   f - Orb of Destruction             Conjuration                  7
   g - Spellforged Servitor           Conjuration/Summoning        7
Miscellaneous
 G - a plain deck of destruction {drawn: 6}
 H - a plain deck of destruction
 O - a plain deck of war
 T - a plain deck of destruction
Comestibles
 d - 13 bread rations
 t - 2 royal jellies


   Skills:
 + Level 2.4(1.8) Fighting
 + Level 3.6(3.0) Short Blades
 + Level 9.0(8.4) Dodging
 + Level 14.5(13.8) Stealth
 + Level 9.0(8.4) Spellcasting
 + Level 8.5(7.8) Hexes
 * Level 8.5(7.9) Charms
 + Level 5.0(4.4) Translocations


You had 14 spell levels left.
You knew the following spells:

 Your Spells              Type           Power        Failure   Level  Hunger
a - Corona                Hex            #####..      1%          1    None
b - Ensorcelled Hibernat  Hex/Ice        ####..       1%          2    None
c - Confuse               Hex            #####...     1%          3    None
d - Blink                 Tloc           N/A          1%          2    None
e - Repel Missiles        Chrm/Air       ####..       1%          2    None
f - Fulminant Prism       Conj/Hex       ####......   14%         4    ###....


Dungeon Overview and Level Annotations

Branches:
Dungeon (10/15)            Temple (1/1) D:7
   Lair: D:8-11         Orc: D:9-12

Altars:
Ashenzari
Cheibriados
Dithmenos
Elyvilon
Fedhas
Gozag
Kikubaaqudgha
Makhleb
Nemelex Xobeh
Okawaru
Qazlal
Ru
Sif Muna
Trog
Vehumet
Xom
Yredelemnul
Zin
The Shining One

Annotations:
D:10 Nergalle


Innate Abilities, Weirdness & Mutations

You are tiny and cannot use many weapons and most armour.
You have supernaturally acute eyesight.
You are a herbivore.
You cover ground extremely quickly.
You need consume almost no food.


Message History

You feel drained.
The spectral orc warrior completely misses you.
The spectral orc misses you.
Evoke which item? (* to show all) (? for menu, Esc to quit)
You draw a card...
It is Degeneration.
The spectral orc warrior is dazed by the mutagenic energy. x2
The spectral orc is dazed by the mutagenic energy.
The spectral orc warrior is dazed by the mutagenic energy.
Nergalle evaporates and reforms as a snapping turtle!
Nergalle twists and deforms.
The spectral orc warrior is dazed by the mutagenic energy. x2
The eye of draining evaporates and reforms as a baby alligator!
The baby alligator twists and deforms.
The spectral orc warrior hits you with a hand axe!
* * * LOW HITPOINT WARNING * * *
The spectral orc warrior hits you with a dire flail!
* * * LOW HITPOINT WARNING * * *
The spectral orc warrior hits you with a battleaxe!
You die...
Your body glows slightly and disappears.

#.#...#..#.. #.#
#.#.⌠.#..# ⌠.#.####
###.#...#≈≈#...#......
....≈###≈≈≈≈###≈......[
.#...≈≈≈≈≈≈≈≈≈≈...t....#
##.†≈≈≈≈≈≈≈≈≈≈....%...# .
#.≈###≈≈≈≈###≈.......#
.##.#...#≈≈#...#ZtZ......
....#.⌠.#..#.⌠.#@Z.....#
....#...#..#...#ZZ.....#
.....###....###.Z......#
.......................#
....#...#..............#
....#...#.....(.########
....########....# ....
###### ....


You could see Nergalle the snapping turtle, a spectral orc (dazed), 5 spectral
orc warriors and a baby alligator.

Vanquished Creatures
  A hill giant (D:10)
  Pikel (D:6)
  A griffon (D:9)
  The ghost of Kira the Covert, an experienced SpEn of Nemelex Xobeh (D:9)
  Psyche (D:9)
  A two-headed ogre (D:9)
  6 yaks (D:9)
  A wyvern (D:9)
  A deep elf mage (D:10)
  Eustachio (D:8)
  A hippogriff (D:8)
  4 sky beasts
  5 orc warriors
  2 black bears
  2 centaurs
  A necrophage (D:9)
  4 ogres
  Duvessa (D:7)
  The ghost of germz the Bolt Thrower, an average TeAM (D:3)
  6 giant frogs
  Blork the orc (D:9)
  3 scorpions
  4 hounds
  3 crimson imps
  Dowan (D:7)
  3 jellies
  A goliath beetle (D:8)
  18 orc wizards
  2 giant frog skeletons
  6 orc priests
  2 iguanas
  4 worker ants
  A killer bee zombie (D:5)
  Ijyb (D:5)
  2 hound zombies
  A hound skeleton (D:6)
  3 mummies (Ossuary)
  10 adders
  2 shadow imps
  A giant mite (D:9)
  4 worms
  4 adder zombies (Ossuary)
  5 giant geckos
  An ooze (D:2)
  50 orcs
  11 bats
  A bat skeleton (D:4)
  A bat zombie (D:7)
  2 giant cockroaches
  A gnoll zombie (Ossuary)
  11 hobgoblins
  9 kobolds
  5 quokkas
  2 ball pythons
  8 giant newts
  6 goblins
  2 goblin zombies (Ossuary)
  3 hobgoblin zombies (Ossuary)
  3 jackals (D:3)
  4 kobold zombies (Ossuary)
  A quokka zombie (Ossuary)
  6 rats
  3 rat zombies (Ossuary)
  3 ballistomycetes (D:6)
257 creatures vanquished.

Vanquished Creatures (others)
  An orc wizard (D:6)
  An adder (D:6)
  A giant gecko (D:6)
  2 orcs (D:6)
  A goblin (D:6)
  2 bats (D:6)
  2 giant spores
  A ballistomycete (D:6)
11 creatures vanquished.

Grand Total: 268 creatures vanquished

Notes
Turn   | Place    | Note
--------------------------------------------------------------
     0 | D:1      | Kira, the Spriggan Enchanter, began the quest for the Orb.
     0 | D:1      | Reached XP level 1. HP: 9/9 MP: 4/4
   123 | D:2      | Found a shattered altar of Ashenzari.
   353 | D:1      | Reached XP level 2. HP: 11/13 MP: 5/7
   357 | D:1      | Learned a level 2 spell: Ensorcelled Hibernation
   603 | D:1      | Reached skill level 5 in Stealth
   952 | D:2      | Found a glowing golden altar of the Shining One.
  1042 | D:2      | Found a shimmering altar of Xom.
  1191 | D:2      | Reached XP level 3. HP: 16/16 MP: 3/9
  1332 | D:2      | Reached skill level 6 in Stealth
  1426 | D:2      | Reached XP level 4. HP: 12/21 MP: 12/12
  1718 | D:3      | Reached skill level 7 in Stealth
  1760 | D:3      | Reached XP level 5. HP: 17/25 MP: 16/16
  1893 | D:3      | Noticed germz's ghost (average TeAM)
  1899 | D:3      | Learned a level 3 spell: Confuse
  1909 | D:3      | Killed germz's ghost
  2533 | D:3      | Reached skill level 5 in Dodging
  2730 | D:4      | Learned a level 2 spell: Blink
  2733 | D:4      | Learned a level 2 spell: Repel Missiles
  2755 | D:4      | Reached skill level 8 in Stealth
  2755 | D:4      | Reached XP level 6. HP: 26/29 MP: 9/18
  2931 | D:4      | Reached skill level 1 in Fighting
  4239 | D:5      | Entered Level 5 of the Dungeon
  4325 | D:5      | Reached XP level 7. HP: 13/33 MP: 16/20
  4544 | D:5      | Reached skill level 9 in Stealth
  4683 | D:5      | Noticed Ijyb
  4812 | D:5      | Killed Ijyb
  4938 | D:5      | Reached skill level 10 in Stealth
  4989 | D:5      | Reached skill level 5 in Hexes
  5068 | D:5      | Reached skill level 1 in Charms
  5068 | D:5      | Reached XP level 8. HP: 32/39 MP: 23/23
  5086 | D:5      | Found a blossoming altar of Fedhas.
  5501 | D:6      | Noticed Pikel
  5509 | D:6      | Killed Pikel
  5746 | D:6      | Reached skill level 11 in Stealth
  5943 | D:6      | Reached skill level 5 in Spellcasting
  6555 | D:7      | Reached XP level 9. HP: 31/42 MP: 15/25
  6582 | D:7      | Found a sand-covered staircase.
  6594 | Ossuary  | Entered an ossuary
  7147 | D:7      | Found a staircase to the Ecumenical Temple.
  7153 | Temple   | Entered the Ecumenical Temple
  7427 | D:7      | Found a sparkling altar of Nemelex Xobeh.
  7427 | D:7      | Found an ancient bone altar of Kikubaaqudgha.
  7432 | D:7      | Became a worshipper of Nemelex Xobeh the Trickster
  7523 | D:7      | Noticed Dowan
  7525 | D:7      | Noticed Duvessa
  7553 | D:7      | Killed Dowan
  7635 | D:7      | Killed Duvessa
  7825 | D:8      | Received a gift from Nemelex Xobeh
  7825 | D:8      | Received a gift from Nemelex Xobeh
  7860 | D:8      | Reached skill level 12 in Stealth
  7910 | D:8      | Learned a level 4 spell: Fulminant Prism
  7933 | D:8      | Reached skill level 5 in Charms
  7972 | D:8      | Noticed Eustachio
  7977 | D:8      | Killed Eustachio
  8044 | D:8      | Reached skill level 5 in Translocations
  8320 | D:8      | Found a snail-covered altar of Cheibriados.
  8485 | D:8      | Found a deep blue altar of Sif Muna.
  8664 | D:9      | Noticed an eight-headed hydra
  8982 | D:9      | Noticed Blork the orc
  8987 | D:9      | Received a gift from Nemelex Xobeh
  8994 | D:9      | Killed Blork the orc
  9219 | D:9      | Reached XP level 10. HP: 37/46 MP: 24/29
  9595 | D:9      | Reached skill level 13 in Stealth
  9723 | D:9      | Noticed Psyche
  9730 | D:9      | Killed Psyche
  9811 | D:9      | Noticed Kira's ghost (experienced SpEn)
 10308 | D:9      | Killed Kira's ghost
 10465 | D:9      | Received a gift from Nemelex Xobeh
 10596 | D:9      | Reached skill level 14 in Stealth
 10839 | D:9      | Noticed a griffon
 10839 | D:9      | an eight-headed hydra changed into a griffon
 10842 | D:9      | Killed a griffon
 11011 | D:10     | Entered Level 10 of the Dungeon
 11034 | D:10     | Noticed a hill giant
 11046 | D:10     | Killed a hill giant
 11085 | D:10     | Reached XP level 11. HP: 44/51 MP: 15/31
 11124 | D:10     | Noticed Nergalle
 11134 | D:10     | Drew Focus: Int increased to 22, Str decreased to 3
 11136 | D:10     | Noticed Nergalle
 11136 | D:10     | Nergalle changed into Nergalle the snapping turtle
 11136 | D:10     | HP: 1/51 [spectral orc warrior/dire flail[Nergalle] (7)]
 11136 | D:10     | Mangled by a spectral orc warrior

Action                   |  1- 3 |  4- 6 |  7- 9 | 10-12 || total
-------------------------+-------+-------+-------+-------++-------
Melee: Dagger            |   103 |   238 |   379 |    65 ||   785
       Rapier            |       |       |       |    15 ||    15
 Cast: Corona            |     1 |       |       |       ||     1
       Ensorcelled Hiber |     3 |     8 |   121 |    64 ||   196
       Confuse           |       |     2 |    23 |    10 ||    35
Evoke: Deck              |       |       |       |     6 ||     6
       Wand              |       |       |       |     2 ||     2
  Use: Potion            |       |     2 |       |       ||     2
       Scroll            |       |       |       |     3 ||     3
 Stab: Sleeping          |    15 |    26 |    71 |    31 ||   143
       Confused          |       |     4 |     7 |     4 ||    15
       Distracted        |       |       |     4 |       ||     4
  Eat: Bread ration      |       |     1 |     1 |       ||     2
       Pizza             |       |       |     1 |       ||     1
